Map: Moonlight Madness LE (Void)

Players

SticklerMac - Winner!

  • Race: Zerg Zerg
  • League: Bronze

Zeiss

  • Race: Protoss Protoss

VOD

Have the link to the VOD?

Description

Time

  • Played on: Aug. 10, 2015, 7:30 p.m.
  • Length: 1:58
Show
View Real Time Build Order
Export as new Build Order

SticklerMac Zerg - Winner!

Build Orders: Hatch First 

Get SALT Encoding   

  12  0:01  Drone  
  13  0:10  Drone  
  14  0:17  Overlord  
  14  0:35  Drone x3  
  17  0:57  Hatchery  
  17  1:00  Drone  
  17  1:03  Drone  
  18  1:13  Drone  
  19  1:23  Drone  
  19  1:24  Spawning Pool  
  19  1:34  Drone  
  20  1:41  Drone  
  22  1:55  Extractor  
Show
View Real Time Build Order
Export as new Build Order

Zeiss Protoss 

Build Orders:  

Get SALT Encoding   

  12  0:02  Probe  
  13  0:14  Probe  
  14  0:23  Pylon  
  14  0:30  Assimilator  
  14  0:43  Gateway  
  14  0:54  Probe (Chrono Boost)  
  16  1:05  Probe (Chrono Boost)  
  16  1:12  Probe (Chrono Boost)  
  16  1:16  Pylon  
  17  1:23  Probe  
  18  1:37  Cybernetics Core  
  18  1:40  Forge  
Tags
 
Add a new tag
Caveats
  • Supply blocks, unpowered buildings, or Contaminate may cause inaccurate times.
  • Supply counts are checked every 10 seconds.